[Event "CCT Airthings Masters Play-In 2023"]
[Site "Online"]
[Date "2023.02.03"]
[Round "2"]
[White "shimastream"]
[Black "Eltaj_Safarli"]
[Result "1/2-1/2"]
[ECO "B21"]
[WhiteElo "2587"]
[BlackElo "2339"]
[Annotator "TA"]
[PlyCount "161"]
[EventDate "2023.02.03"]
[EventType "swiss"]
[EventCountry "NET"]
[SourceTitle "playchess.com"]
[Source "ChessBase"]
[SourceQuality "1"]
[TimeControl "600+2"]

1. e4 c5 2. d4 cxd4 3. Qxd4 Nc6 4. Qd3 g6 5. Nc3 Bg7 6. Nf3 {[%emt 0:00:01] B21: Sicilian: 2 f4 and Morra Gambit.} Nf6 7. Be2 O-O 8. O-O d6 9. Nd5 Bg4 10. c3 Nd7 11. Bg5 h6 12. Bh4 Nc5 13. Qc2 g5 14. Bg3 Bh5 {[%emt 0:00:02] [#]} 15. Rae1 $146 (15. b4 $11 Nd7 16. b5) ({Predecessor:} 15. b4 Nd7 16. b5 Na5 17. Rfd1 Bxf3 18. Bxf3 Rc8 19. Be2 e6 20. Ne3 Bxc3 21. Rab1 {0-1 Hjorth,J (1936)-Sapundjiev,G (2302) W-Cup22 WS03 email 2017}) 15... Bg6 $36 {[%emt 0:00:09][%mdl 2048] Black has some pressure.} 16. Nd2 $1 e6 17. Ne3 d5 18. Bf3 (18. f3 $142) 18... Rc8 $17 19. Rd1 b5 20. Qb1 Qb6 21. Bd6 Rfd8 22. Bxc5 Qxc5 23. a3 (23. Qa1 $17) 23... a5 (23... Qb6 $19 24. h3 Ne5) 24. Rfe1 (24. Qa1 $17) 24... d4 ({Black should try} 24... Ne5 $19 25. Qa2 dxe4 26. Nxe4 Qb6) 25. Nb3 Qb6 26. Nxd4 Nxd4 27. cxd4 Rxd4 ({And not} 27... Bxd4 28. Rd3 $17) 28. b3 Rxd1 29. Rxd1 {[%emt 0:00:00] White is weak on the dark squares} Rd8 (29... Rc3 $142 30. Rd3 Qc5 31. Rxc3 Qxc3) 30. Rxd8+ Qxd8 31. a4 bxa4 32. bxa4 Qd4 33. Qc2 Qa1+ 34. Qd1 (34. Nd1 $142) 34... Qxd1+ 35. Nxd1 {[%emt 0:00:00][%mdl 4096] Endgame KBB-KBN} Bd4 (35... h5 $142 $1 36. h3 Bd4) 36. Kf1 (36. Ne3 $142) 36... f6 ({Black should play} 36... h5 $17 37. h3 g4 {[%mdl 64] Deflection} 38. hxg4 hxg4 39. Bxg4 Bxe4) 37. Ne3 Bxe3 38. fxe3 {[%emt 0:00:00] KB-KB} Be8 39. Bd1 Kf8 40. Ke2 Ke7 {[%emt 0:00:18] White must now prevent ...Kd6.} 41. Kd3 Kd6 42. Kd4 Bc6 {[%emt 0:00:06] aiming for ...e5+.} 43. Bc2 $1 Bb7 44. g3 Ba6 45. e5+ fxe5+ 46. Kc3 Kc5 47. Bb3 Bc8 $1 48. Bc2 Bd7 49. Bb3 Bc6 50. Bc2 Bf3 51. Bb3 Bg4 52. Bc2 Kd5 53. e4+ (53. Bd3 $17 {is a better defense.}) 53... Kc5 54. Bb3 Bf3 55. Bc2 Be2 56. Bb3 Bf3 57. Bc2 Bh5 58. Bb3 (58. Bd3 $17 {was worth a try.}) 58... Be8 59. h4 $2 (59. Bc2 $17) 59... gxh4 $1 $19 60. gxh4 Bg6 (60... Bh5 $142 61. Bc2 Bf3) 61. Bc2 Bh5 $1 {[%emt 0:00:00] ...Bg6 would be deadly.} 62. Bb3 Be8 $2 (62... Bf3 $19 {has better winning chances.} 63. Bc2 Bh5) 63. Bd1 $17 Bc6 64. Bc2 Bb7 65. Bd3 Ba8 66. Bb1 Bb7 67. Bd3 Bc6 68. Bc2 Be8 (68... Kb6 $17 {Strongly threatening ...Kc5.} 69. Kd2 Ba8) 69. Bd1 (69. Bb3 $11) 69... Bf7 70. Be2 Bg6 71. Bd3 $2 {[%emt 0:00:01][%mdl 8192] [#]} (71. Bf3 $17) 71... Bh5 $2 (71... Be8 $1 $19 {[%cal Re8a4] and Black stays clearly on top.} 72. Bc2 Bc6) 72. Bc4 $2 {[%emt 0:00:05][%mdl 8192] [#]} (72. Bc2 $17) 72... Bd1 $1 $19 73. Bb5 Bf3 74. Bd3 Bg2 75. Bc2 Bh1 76. Bd3 Bf3 {[%emt 0:00:02] ...Bd1 is the strong threat.} 77. Bc2 {[%emt 0:00:01] Repels Bd1} Be2 78. Bb3 Bg4 79. Bc2 Bh5 {[%emt 0:00:05] And now ...Bf3 would win.} 80. Bb3 Be8 81. Bd1 $1 {[%emt 0:00:02] Weighted Error Value: White=0.28 (precise) /Black=0.25 (precise)} 1/2-1/2

[Event "CCT Airthings Masters Play-In 2023"]
[Site "Online"]
[Date "2023.02.03"]
[Round "2"]
[White "Cayse"]
[Black "CheckBits"]
[Result "1-0"]
[ECO "C46"]
[WhiteElo "2583"]
[BlackElo "2300"]
[Annotator "TA"]
[PlyCount "87"]
[EventDate "2023.02.03"]
[EventType "swiss"]
[EventCountry "NET"]
[SourceTitle "playchess.com"]
[Source "ChessBase"]
[SourceQuality "1"]
[TimeControl "600+2"]

1. e4 e5 2. Nf3 Nc6 3. Nc3 Bb4 4. Nd5 Ba5 5. Bc4 Nf6 6. Qe2 {[%emt 0:00:41] C46: 3 Nc3: Unusual Black 3rd moves.} (6. c3 $14 {deserves consideration.}) 6... d6 7. O-O Bg4 {[%emt 0:00:06] White must now prevent ...Nd4.} 8. c3 {[%emt 0:00:03] Inhibits Nd4. White has an edge.} Nxd5 9. Bxd5 O-O 10. h3 Bh5 {[%emt 0:00:03] [#]} 11. a4 $146 {[%emt 0:00:28] Bxc6 is the strong threat.} ({Predecessor:} 11. g4 Bg6 12. Qb5 Bb6 13. Bxc6 bxc6 14. Qxc6 h5 15. d3 Qc8 16. Nh2 hxg4 17. hxg4 {1-0 Zuse,P (2270)-Vogel,T Bundesliga 9091 1990 [8]}) 11... a6 12. d3 Rb8 13. g4 Bg6 {[%emt 0:00:02] [#]} 14. Bg5 (14. h4 $1 $16 ) 14... Qd7 $11 15. Nh4 Ne7 16. Ba2 Bb6 17. Nf5 Nc6 18. Qf3 {[%emt 0:00:03][%cal Of5g7] Nxg7! would be deadly.} h6 19. Bd2 Kh8 {[%emt 0:00:42] [#]} (19... Kh7 $14) 20. Kh2 (20. Nxh6 $1 $16 {With the idea Nf5.} f6 21. Nf5) 20... f6 21. Qg3 Nd8 (21... Ne7 $11) 22. f4 (22. Nxh6 {seems wilder.} gxh6 23. Bxh6 Nf7 24. Bxf8 Rxf8 25. a5) 22... exf4 23. Bxf4 Ne6 24. Bd2 Rbe8 {[%emt 0:00:02] [#]} 25. a5 $1 Ba7 26. Rae1 Bb8 27. Kh1 c6 28. Qg2 {[%emt 0:00:36] White has more active pieces.} Ng5 29. h4 Nf7 30. d4 Bc7 31. b4 c5 $2 {[%emt 0:00:08] A mistake that costs the game.} 32. Bd5 $18 ({Less strong is} 32. dxc5 dxc5 33. bxc5 Ne5 $16) 32... b6 (32... cxb4 {was necessary.} 33. cxb4 (33. Bxb7 bxc3 34. Bxc3 Bxa5 $15) 33... Bd8) 33. g5 fxg5 34. hxg5 Bxf5 (34... Nxg5 $142 35. Bxg5 Bxf5) 35. Rxf5 {[%emt 0:00:21][%cal Bf1f5,Bf5g5,Bg5g6][%mdl 32] Hoping for Ref1.} Nxg5 {[%emt 0:00:28] Black is weak on the light squares} 36. Rxg5 {[%emt 0:00:10] And now Rg6 would win.} Bd8 37. Rg6 {[%emt 0:00:16][%cal Od2h6] Threatens to win with Bxh6!} Qe7 38. Qh2 {[%emt 0:00:27][%cal Od2h6] White threatens Bxh6! and mate.} Rf3 {[%emt 0:00:08] [#]} 39. Bxh6 $1 {[%emt 0:00:09][%csl Gg6][%cal Rh6g7] White mates.} Qh4 40. Bxg7+ Kh7 41. Rh6+ Kxg7 42. Rxh4 Bxh4 43. Qxh4 Rh8 44. Rg1+ {[%emt 0:00:02] Excellently played by Cayse!   Weighted Error Value: White=0.11 (very precise) /Black=0.43} 1-0

[Event "CCT Airthings Masters Play-In 2023"]
[Site "Online"]
[Date "2023.02.03"]
[Round "2"]
[White "Kobalia, Mikhail"]
[Black "GadimbayliA"]
[Result "0-1"]
[ECO "C40"]
[WhiteElo "2577"]
[BlackElo "2590"]
[Annotator "TA"]
[PlyCount "42"]
[EventDate "2023.02.03"]
[EventType "swiss"]
[EventCountry "NET"]
[SourceTitle "playchess.com"]
[Source "ChessBase"]
[SourceQuality "1"]
[TimeControl "600+2"]

1. e4 e5 2. Nf3 d5 3. d4 dxe4 4. Nxe5 Bd6 5. Nc3 Bxe5 6. dxe5 {[%emt 0:00:01] C40: Latvian and Elephant Gambits.} Qxd1+ 7. Nxd1 Nc6 8. Nc3 {[%emt 0:00:02] And now Nd5 would win. White is slightly better.} Bf5 9. Bb5 Nge7 10. O-O {[%emt 0:00:04] [#]} a6 $146 ({Predecessor:} 10... O-O-O 11. Bg5 Rd7 12. Rfe1 h6 13. Bxe7 Rxe7 14. Bxc6 bxc6 15. Nxe4 Rxe5 16. Nc3 Rxe1+ 17. Rxe1 Bxc2 {0-1 Dahl,C (2152)-Brunke,C (2141) GER Cup Net V2 U2400 blitz 2020 (7)}) 11. Bxc6+ Nxc6 12. Bf4 O-O-O 13. Rfe1 Rhe8 (13... Nb4 $5 14. Re2 e3 $15) 14. Nxe4 Rd4 (14... Nd4 $5 15. Rac1 Ne6 $11) 15. f3 Bxe4 16. Rxe4 Rxe4 17. fxe4 Nxe5 $11 {[%emt 0:00:00] KRB-KRN} 18. Re1 f6 19. Kf2 Nc6 20. c3 Ne5 21. h3 $2 {[%emt 0:00:07][%mdl 8192] [#]} (21. Bxe5 $11 Rxe5 22. Kf3) 21... Nd3+ {[%emt 0:00:05][%mdl 64] Deflection, Double Attack.   Weighted Error Value: White=0.67/Black=0.06 (flawless)} 0-1

[Event "CCT Airthings Masters Play-In 2023"]
[Site "Online"]
[Date "2023.02.03"]
[Round "2"]
[White "Antipov_Mikhail_Al"]
[Black "Blomqvist, Erik"]
[Result "1-0"]
[ECO "B72"]
[WhiteElo "2576"]
[BlackElo "2510"]
[Annotator "TA"]
[PlyCount "115"]
[EventDate "2023.02.03"]
[EventType "swiss"]
[EventCountry "NET"]
[SourceTitle "playchess.com"]
[Source "ChessBase"]
[SourceQuality "1"]
[TimeControl "600+2"]

1. e4 c5 2. Nf3 d6 3. d4 cxd4 4. Nxd4 Nf6 5. Nc3 g6 6. Be3 Nc6 {[%emt 0:00:01] B72: Sicilian Dragon: 6 Be3, lines with h3+Bc4 and sidelines.} 7. f3 {[%emt 0:00:10] Dodges Ng4} h5 8. Qd2 Nxd4 {[%emt 0:00:01] White is slightly better.} 9. Bxd4 Bh6 10. Be3 Bxe3 11. Qxe3 Be6 12. Bb5+ Kf8 $1 13. O-O-O {[%emt 0:00:02] e5 is the strong threat.} Qa5 14. Ba4 Rc8 {[%emt 0:00:13][%cal Oc8c3] [#] aiming for ...Rxc3!} 15. Rd4 $146 ({Predecessor:} 15. Bb3 Bxb3 16. axb3 Qa1+ 17. Nb1 Kg7 18. e5 dxe5 19. Qxe5 h4 20. g4 hxg3 21. hxg3 {1-0 Korchmar,V (2438)-Tay,J (2230) Titled Tuesday intern op 06th Dec Early blitz 2022 (2)}) 15... Kg7 16. Kb1 Rc7 17. Rc1 Rhc8 18. Bb3 Bxb3 19. axb3 b5 {[%emt 0:01:06] Prevents Ra4} 20. Nd5 Nxd5 21. exd5 (21. Rxd5 {keeps more tension.} Qa6 22. Qd4+ Kg8 23. e5) 21... Qb6 22. c3 b4 23. c4 e5 (23... a5 $11) 24. dxe6 $14 Re8 25. Re4 {[%emt 0:00:49] White is more active.} (25. Rcd1 $16) 25... Qxe3 $11 26. Rxe3 Rxe6 27. Rxe6 fxe6 {[%emt 0:00:02][%mdl 4096] Endgame KR-KR} 28. Rd1 Rc6 29. Kc2 a5 30. Kd3 Kf6 31. Kd4 g5 32. g3 Rc5 33. Ke3 Re5+ 34. Kf2 Ke7 35. f4 gxf4 36. gxf4 Rf5 37. Ke3 d5 38. cxd5 exd5 39. Rg1 d4+ 40. Ke4 Rc5 41. Rg2 Kf6 42. Kxd4 Rc1 43. Kd3 h4 44. Rg4 h3 45. Rh4 Kf5 (45... Rb1 $11 {keeps the balance.}) 46. Rxh3 $16 {[%emt 0:00:03] Black must now prevent Rh5+.} Kxf4 $2 {[%emt 0:00:01][%mdl 8192] Black cannot hold the game after this.} (46... Kg4 $16 {was worth a try.} 47. Re3 Kxf4) 47. Rh5 $18 Ra1 48. Rd5 Kg4 49. Kc2 {[%emt 0:00:01] Rd1 would kill now.} Kh3 $2 {[%emt 0:00:01] [#]} (49... Kf3 $18 50. Rd1 Rxd1 51. Kxd1 Kg4 52. Kd2 Kf4 53. Kd3 Kf3 54. Kd4 Kf4) 50. Rd1 $1 {[%emt 0:00:09] White mates.} Rxd1 51. Kxd1 Kxh2 {[%emt 0:00:01] KPP-KPP} 52. Ke2 Kg2 {[%emt 0:00:02] [#]} 53. Kd3 $1 Kf1 54. Kc4 Ke2 55. Kb5 Kd3 56. Kxa5 Kc2 57. Kxb4 Kxb2 58. Kc4 {[%emt 0:00:01] Weighted Error Value: White=0.09 (flawless) /Black=0.28 (precise)} 1-0

[Event "CCT Airthings Masters Play-In 2023"]
[Site "Online"]
[Date "2023.02.03"]
[Round "2"]
[White "platy3"]
[Black "Byniolus"]
[Result "1-0"]
[ECO "B07"]
[WhiteElo "2572"]
[BlackElo "2238"]
[Annotator "TA"]
[PlyCount "139"]
[EventDate "2023.02.03"]
[EventType "swiss"]
[EventCountry "NET"]
[SourceTitle "playchess.com"]
[Source "ChessBase"]
[SourceQuality "1"]
[TimeControl "600+2"]

1. e4 d6 2. d4 Nf6 3. Nc3 c6 4. Nf3 Bg4 5. Be2 e6 6. Ng1 {[%emt 0:00:05] B07: Pirc Defence: Miscellaneous Systems.} Bxe2 7. Ngxe2 d5 8. e5 {[%emt 0:00:39] The position is equal.} Nfd7 9. Be3 c5 10. f4 Nc6 {[%emt 0:00:16] [#]} 11. Qd2 $146 ({Predecessor:} 11. O-O Be7 12. Kh1 g6 13. g4 cxd4 14. Nxd4 Nxd4 15. Bxd4 a6 16. f5 Bc5 17. fxe6 fxe6 18. Nxd5 {1-0 Bellia,F (2300)-Klinova,M (2275) Formia op 1995}) 11... g6 12. O-O Be7 13. a3 Rc8 14. Kh1 h5 15. Rad1 a6 16. Qe1 (16. dxc5 $5 Bxc5 17. Bxc5 Nxc5 18. Qe3 $11) 16... Qc7 17. Qf2 cxd4 18. Nxd4 Nxd4 19. Bxd4 Bc5 20. Ne2 Qb6 21. Rd3 Bxd4 22. Nxd4 Nc5 (22... Qxb2 $2 23. Rb3 Qa2 24. Qg1 $18 (24. Rxb7 Qxa3 25. Nb3 Qa2 $11)) 23. Nb3 {[%emt 0:00:10] [#] And now Rc3 would win.} Na4 {[%emt 0:00:42] Dodges Rc3} 24. Qxb6 Nxb6 25. Nd4 Na4 26. Rb1 Nc5 27. Re3 Ne4 28. g3 (28. c3 $1 $11) 28... h4 $17 29. Kg2 hxg3 30. hxg3 Kd7 (30... g5 $5 31. Rh1 Rxh1 32. Kxh1 Ke7 $15) 31. c3 Rh5 32. Rh1 {[%emt 0:00:09] Inhibits g5.} Rxh1 33. Kxh1 $15 {[%emt 0:00:01][%mdl 4096] Endgame KRN-KRN} Rh8+ 34. Kg2 Kc7 35. c4 Nd2 (35... Rc8 $11) 36. cxd5 $14 exd5 37. e6 Nc4 38. Rc3 {[%emt 0:00:04] b3 is the strong threat.} Kd6 $1 39. exf7 {[%emt 0:00:12] Hoping for b3.} Rf8 $1 40. f5 (40. b3 $5 Nxa3 41. Rc7 {[%mdl 64] Decoy} Kxc7 42. Ne6+ Kd7 43. Nxf8+ Ke7 44. Nxg6+ Kxf7 45. Ne5+ Ke7 46. Kf2 $11) 40... g5 (40... gxf5 $1 $11 {remains equal.} 41. Nxf5+ Ke5) 41. g4 $16 {[%emt 0:00:10] Black must now prevent Ne6.} Rxf7 42. Ne6 Nxb2 {[%emt 0:00:14] [#]} (42... Ke5 $16) 43. Kg3 $1 $18 (43. Nxg5 Rg7 44. Ne6 Rxg4+ 45. Kf3 Rg1 $17) 43... Nc4 44. Nxg5 Rg7 45. Kf4 {[%emt 0:00:10][%cal Og5e4] Ne4+! would be deadly.} b5 $2 (45... Re7 {is a better chance.} 46. Rh3 Re1) 46. f6 Rg8 47. Nf3 a5 48. g5 b4 49. axb4 axb4 50. Rb3 Kc5 51. f7 Rc8 52. g6 {[%emt 0:00:02] Threatening mate with g7.} Nd6 53. Ne5 d4 54. Nd7+ Kc4 55. Nb6+ {[%emt 0:00:07] White mates.} Kxb3 56. Nxc8 d3 57. Nxd6 {[%emt 0:00:09] KN-KPP} ({Weaker is} 57. f8=B d2 58. g7 (58. Nxd6 $2 {loses.} d1=Q $19) 58... d1=Q $11) 57... d2 58. f8=Q ({And not} 58. f8=R d1=Q 59. Nf5 Qd2+ 60. Kg4 Qg2+ 61. Kh5 Qf3+ 62. Kg5 Qg2+ 63. Kh5 Qh1+ 64. Kg5 Qg1+ 65. Kf6 Qa1+ 66. Kg5 (66. Ke6 Qa6+ 67. Kf7 Qd3 $11) 66... Qg1+ 67. Kf6 Qb6+ 68. Kg5 Qg1+ $11) 58... d1=Q 59. Qf7+ Ka3 60. Nc4+ Ka2 61. Ne3+ Qb3 62. Qxb3+ Kxb3 {[%emt 0:00:00] KN-KP} 63. g7 Ka2 64. g8=Q+ b3 65. Qc4 Ka1 66. Qa4+ Kb2 67. Nc4+ Kc3 68. Nd2 Kb2 69. Qxb3+ Ka1 70. Qa3# {[%emt 0:00:02] Weighted Error Value: White=0.07 (flawless) /Black=0.33} 1-0

[Event "CCT Airthings Masters Play-In 2023"]
[Site "Online"]
[Date "2023.02.03"]
[Round "2"]
[White "BillieKimbah"]
[Black "GMSrinath"]
[Result "1/2-1/2"]
[ECO "D27"]
[WhiteElo "2566"]
[BlackElo "2865"]
[Annotator "TA"]
[PlyCount "49"]
[EventDate "2023.02.03"]
[EventType "swiss"]
[EventCountry "NET"]
[SourceTitle "playchess.com"]
[Source "ChessBase"]
[SourceQuality "1"]
[TimeControl "600+2"]

1. d4 d5 2. c4 dxc4 3. Nf3 Nf6 4. e3 e6 5. Bxc4 c5 6. O-O a6 7. Re1 {[%emt 0:00:01] D27: Queen's Gambit Accepted: Classical main line: 7 e4!? and 7 a4.} b5 8. Bf1 cxd4 {[%emt 0:00:04] [#]} 9. Qxd4 $146 ({Predecessor:} 9. Nxd4 Bb7 10. a4 b4 11. Nd2 Nc6 12. Nxc6 Bxc6 13. Nc4 Qxd1 14. Rxd1 Ne4 15. Bd2 {½-½ Postny,E (2585)-Streltsov,A (2313) ISR-ch 41st Arad 2022 (6)}) 9... Qxd4 10. Nxd4 Bd7 11. Bd2 Nc6 12. Nxc6 Bxc6 13. Rc1 Bd7 14. f3 Bd6 15. Nc3 Ke7 16. Rc2 g5 17. Be1 Rhc8 {[%emt 0:01:22] [#] White must now prevent ...b4.} 18. Rac1 b4 19. Ne2 Rxc2 20. Rxc2 Rc8 21. Rxc8 Bxc8 22. Nd4 Bb7 {[%emt 0:00:01] Inhibits Nc6+.} 23. h3 (23. Nb3 $5 ) 23... Nd5 24. Kf2 (24. e4 $5 Nc7 25. Bf2 $14) 24... Be5 25. Bc4 {[%emt 0:00:15] An uneventful encounter.   Weighted Error Value: White=0.08 (flawless) /Black=0.06 (flawless)} 1/2-1/2

[Event "CCT Airthings Masters Play-In 2023"]
[Site "Online"]
[Date "2023.02.03"]
[Round "2"]
[White "EvgenyT"]
[Black "Nakamura, Hikaru"]
[Result "0-1"]
[ECO "E11"]
[WhiteElo "2564"]
[BlackElo "2768"]
[Annotator "TA"]
[PlyCount "76"]
[EventDate "2023.02.03"]
[EventType "swiss"]
[EventCountry "NET"]
[SourceTitle "playchess.com"]
[Source "ChessBase"]
[SourceQuality "1"]
[TimeControl "600+2"]

1. d4 e6 2. Nf3 Nf6 3. c4 Bb4+ 4. Bd2 c5 5. e3 b6 6. Bd3 {[%emt 0:00:17] E11: Bogo-Indian.} Bb7 7. Bxb4 cxb4 8. a3 {[%emt 0:00:19] [#] White is slightly better.} Nc6 $146 ({Predecessor:} 8... bxa3 9. Rxa3 O-O 10. O-O Nc6 11. Nbd2 d6 12. Nh4 d5 13. cxd5 Nxd5 14. Qh5 Nf6 {0-1 Nadir,S (2133)-Dizdar,G (2513) Dubai op 16th 2014 (3)}) 9. O-O bxa3 10. Nxa3 Nb4 {[%emt 0:00:12] Inhibits e4.} 11. Be2 a5 12. Nc2 Na6 13. Ne5 d6 14. Nd3 O-O 15. Bf3 Bxf3 16. Qxf3 Rc8 17. Na3 Nb4 18. Qe2 d5 19. Rfc1 Qe7 20. g3 Ne4 21. cxd5 (21. Nxb4 $5 Qxb4 22. Rc2 $11) 21... exd5 22. Nxb4 Qxb4 23. Rc2 (23. Qb5 $11 {keeps the balance.}) 23... Rxc2 $17 24. Qxc2 h5 ({Black should play} 24... b5 $17) 25. h4 (25. Rc1 $11 {remains equal.}) 25... Nd6 {[%emt 0:00:18] Black has more active pieces.} 26. Qe2 (26. Rc1 $15) 26... Rc8 27. Rb1 {[%emt 0:00:10] White is weak on the light squares} g6 28. Kg2 {[%emt 0:00:12] [#]} Qb3 ({Black should try} 28... a4 $1 $17 {Threatens to win with ...b5.} 29. Rd1 b5) 29. Rd1 $2 {[%emt 0:00:11][%mdl 8192] Loses the game.} (29. g4 $1 $15) 29... b5 $19 {[%emt 0:00:16] Hoping for ...b4.} 30. Rd3 {[%emt 0:01:09] Inhibits b4.} Qa4 {[%emt 0:00:03] aiming for ...b4.} 31. Nb1 Qc2 {[%emt 0:01:12] Dodges Rc3} 32. Qxc2 Rxc2 {[%emt 0:00:00][%mdl 4096] Endgame KRN-KRN} 33. Nc3 (33. Rd2 $142 Rxd2 34. Nxd2) 33... Rxb2 {[%emt 0:00:01] Black is clearly winning.} 34. Nxd5 a4 35. Kf3 b4 {[%emt 0:00:01] [#] White must now prevent ...b3.} 36. e4 a3 {[%emt 0:00:01] Strongly threatening ...a2.} 37. e5 Nb5 {[%emt 0:00:05] ...a2 would be deadly.} 38. Nf6+ Kg7 {[%emt 0:00:01] Weighted Error Value: White=0.74/Black=0.22 (precise)} 0-1

[Event "CCT Airthings Masters Play-In 2023"]
[Site "Online"]
[Date "2023.02.03"]
[Round "2"]
[White "daro94"]
[Black "Radjabov, Teimour"]
[Result "1/2-1/2"]
[ECO "C67"]
[WhiteElo "2562"]
[BlackElo "2747"]
[Annotator "NA"]
[PlyCount "136"]
[EventDate "2023.02.03"]
[EventType "swiss"]
[EventCountry "NET"]
[SourceTitle "playchess.com"]
[Source "ChessBase"]
[SourceQuality "1"]
[TimeControl "600+2"]

1. e4 e5 2. Nf3 Nc6 3. Bb5 Nf6 4. O-O Nxe4 5. Re1 Nd6 6. Nxe5 Be7 7. Bf1 Nxe5 8. Rxe5 O-O 9. d4 Bf6 10. Re1 Nf5 11. c3 d6 12. Nd2 Bg5 13. a4 a5 14. Nf3 Bxc1 15. Qxc1 Nh4 16. Qf4 Ng6 17. Qg3 Qf6 18. Qg5 Qxg5 19. Nxg5 Bd7 20. Bc4 h6 21. Nf3 Rfe8 22. Re3 Kf8 23. g3 Ne7 24. Bb3 Nf5 25. Rxe8+ Rxe8 26. Re1 Rb8 27. Nd2 Ne7 28. Nc4 b6 29. Bc2 g6 30. h4 Nd5 31. Na3 Nf6 32. Re2 d5 33. b3 c6 34. Bd3 b5 35. axb5 cxb5 36. Ra2 b4 37. Nb1 bxc3 38. Bc2 Rb4 39. Nxc3 Rxd4 40. Kf1 Ng4 41. Ne2 Bb5 42. Ke1 Rb4 43. Rxa5 Ne5 44. Nd4 Bd7 45. Rxd5 f6 46. Ke2 g5 47. hxg5 hxg5 48. f4 Bg4+ 49. Ke3 Nf7 50. Bf5 Bxf5 51. Rxf5 gxf4+ 52. gxf4 Nh6 53. Rb5 Ng4+ 54. Kd3 Nf2+ 55. Kc3 Rxb5 56. Nxb5 Nh3 57. f5 Ke7 58. Kd4 Ng5 59. Kd5 Nf3 60. b4 Ne1 61. Ke4 Nc2 62. Nc3 Nxb4 63. Nd5+ Nxd5 64. Kxd5 Kd7 65. Kc5 Kc7 66. Kd5 Kd7 67. Kc5 Kc7 68. Kd5 Kd7 1/2-1/2

[Event "CCT Airthings Masters Play-In 2023"]
[Site "Online"]
[Date "2023.02.03"]
[Round "2"]
[White "Fandorine"]
[Black "Nepomniachtchi, Ian"]
[Result "0-1"]
[ECO "B48"]
[WhiteElo "2561"]
[BlackElo "2793"]
[Annotator "TA"]
[PlyCount "52"]
[EventDate "2023.02.03"]
[EventType "swiss"]
[EventCountry "NET"]
[SourceTitle "playchess.com"]
[Source "ChessBase"]
[SourceQuality "1"]
[TimeControl "600+2"]

1. e4 c5 2. Nf3 e6 3. d4 cxd4 4. Nxd4 Nc6 5. Nc3 Qc7 6. a3 a6 7. Be3 Nf6 8. f4 {[%emt 0:00:01] outshines the older 8.Be2.} h5 {[%emt 0:00:04] B48: Sicilian: Taimanov: 5 Nc3 Qc7 6 Be3 a6 without Be2.} 9. Be2 {[%emt 0:01:01] Inhibits Ng4.} d6 {[%emt 0:00:21] [#]} 10. Qd2 $146 ({Predecessor:} 10. O-O Bd7 11. Bf3 Be7 12. Qd2 Na5 13. b3 Rc8 14. Nde2 Ng4 15. Bxg4 hxg4 16. Bd4 {1-0 Khanin,S (2517)-Grochal,J (2313) Titled Tuesday intern op 2nd July blitz 2019 (1)}) 10... Bd7 {[%emt 0:00:08] White is slightly better.} 11. O-O-O Be7 12. Rhe1 (12. h3 $14) 12... Rc8 $11 13. Kb1 O-O {[%emt 0:00:12] [#]} (13... b5 $11 {keeps the balance.}) 14. h3 $1 $16 h4 15. g4 {[%emt 0:01:56] Hoping for g5.} hxg3 16. Rg1 Nxd4 17. Bxd4 e5 18. fxe5 (18. Be3 $5) 18... dxe5 19. Rxg3 $2 {[%emt 0:00:08] This move loses the game for White.} (19. Be3 $11) 19... exd4 $19 {[%emt 0:00:57][%mdl 64] [#] Discovered Attack} 20. Rxg7+ (20. Rdg1 Qxg3 21. Rxg3 dxc3 22. Qg5) 20... Kxg7 21. Rg1+ Kh7 {[%emt 0:00:44] Black is clearly winning.} 22. Qg5 Ng4 $1 (22... dxc3 $2 23. Qg7#) 23. Qh5+ (23. Qxe7 $142 Be6 24. Qh4+ Nh6 25. Bd3) 23... Nh6 24. Bd3 Qf4 (24... dxc3 $2 {is a self mate.} 25. e5+ f5 26. Qg6+ Kh8 27. Qxh6#) 25. e5+ Kh8 26. Nd5 Qh4 {[%emt 0:00:02] Weighted Error Value: White=0.85/Black=0.14 (very precise)} 0-1